 Dungeon Crawl Stone Soup version 0.27-a0-1219-g958d993ae5 (webtiles) character file.

Game seed: 11130526083415492728

11 polve the Skirmisher (level 2, 0/24 HPs)
             Began as a Demonspawn Abyssal Knight on June 6, 2021.
             Was a Follower of Lugonu.
             Slain by a kobold
             ... wielding a +0 whip
              (1 damage)
             ... on level 1 of the Dungeon.
             The game lasted 00:00:32 (594 turns).

polve the Skirmisher (Demonspawn Abyssal Knight)     Turns: 594, Time: 00:00:33

Health: 0/24       AC:  3    Str: 12    XL:     2   Next: 13%
Magic:  3/3        EV: 11    Int: 13    God:    Lugonu [*.....]
Gold:   17         SH:  0    Dex: 14    Spells: 1/1 levels left

rFire    . . .     SeeInvis .   a - +1 short sword
rCold    . . .     Faith    .   (no shield)
rNeg     . . .     Spirit   .   b - +0 leather armour
rPois    .         Reflect  .   (no helmet)
rElec    .         Harm     .   (no cloak)
rCorr    .         Rampage  .   (no gloves)
Will     .....                  (no boots)
Stlth    ++........             (no amulet)
HPRegen  0.08/turn              (no ring)
MPRegen  0.08/turn              (no ring)

@: no status effects
A: thin skeletal structure 1
a: Renounce Religion, Depart the Abyss


You were on level 1 of the Dungeon.
You worshipped Lugonu.
Lugonu was aware of your devotion.
You visited 1 branch of the dungeon, and saw 1 of its levels.
You visited the Abyss 1 time.

You collected 17 gold pieces.

Inventory:

Hand Weapons
 a - a +1 short sword (weapon)
Armour
 b - a +0 leather armour (worn)


   Skills:
 - Level 3.0 Fighting
 + Level 2.6 Short Blades
 - Level 1.7 Armour
 - Level 0.8 Dodging
 - Level 2.4 Invocations


You had one spell level left.
You didn't know any spells.
Your spell library was empty.

Dungeon Overview and Level Annotations

Branches:
Dungeon (1/15)

Altars:

Shops:
D:1 [


Innate Abilities, Weirdness & Mutations

You have a somewhat thin skeletal structure. (Dex +2, Stealth+)


Message History

The ball python grabs you. The ball python constricts you.
You escape the ball python's grasp.
A goblin comes into view. It is wielding a +0 club.
The goblin moves out of view.
A hobgoblin comes into view.
The kobold closely misses you.
The ball python bites you but does no damage.
The ball python grabs you. The ball python constricts you.
You escape the ball python's grasp.
The kobold barely misses you.
The kobold hits you with a +0 short sword.
The ball python bites you but does no damage.
The ball python closely misses you.
Found a stone staircase leading down.
The hobgoblin shouts!
You hear a shout!
The hobgoblin hits you.
Found Bicvoh's Antique Armour Emporium.
An endoplasm comes into view.
The hobgoblin closely misses you. The hobgoblin hits you.
The ball python bites you. The ball python closely misses you.
A rat comes into view.
The endoplasm freezes you.
You are frozen.
* * * LOW HITPOINT WARNING * * *
The hobgoblin barely misses you.
Found a spear.
A kobold comes into view. It is wielding a +0 whip.
The hobgoblin closely misses you.
A kobold comes into view. It is wielding a +0 whip.
The ball python closely misses you. The ball python grabs you.
The ball python constricts you.
Found 4 gold pieces.
You escape the ball python's grasp.
The kobold shouts!
The rat bites you but does no damage. The rat closely misses you.
The kobold hits you with a +0 whip.
* * * LOW HITPOINT WARNING * * *
The rat closely misses you.
The kobold hits you but does no damage. x2
The kobold hits you but does no damage. The kobold hits you with a +0 whip.
You die...

##>.#.......# ...
..###.......#...g
..###......#....###..
....#..#..#........≈
..
#.........#....###≈≈
#..##.#.##...##g...#
............##...###
#.$..KS..#....#
#@rK.ggJ...#
##K...##...#
#...........#
....#...##....#
.......#.###...#
.......#.. #...#
...............#
###........)....


You could see an endoplasm, a hobgoblin, a goblin, a ball python, 3 kobolds and
a rat.

Vanquished Creatures
  A worm (D:1)
  2 giant cockroaches (D:1)
  2 goblins (D:1)
  A hobgoblin (D:1)
  A frilled lizard (D:1)
7 creatures vanquished.

Notes
Turn   | Place    | Note
-------+----------+-------------------------------------------
     0 | Abyss:1  | polve the Demonspawn Abyssal Knight began the quest for the
                  | Orb.
     0 | Abyss:1  | Reached XP level 1. HP: 18/18 MP: 2/2
    48 | Abyss:1  | Noticed a sixfirhy
    51 | D:1      | Escaped the Abyss
   532 | D:1      | Reached * piety under Lugonu
   547 | D:1      | Gained mutation: You have a somewhat thin skeletal
                  | structure. (Dex +2, Stealth+) [demonic ancestry]
   547 | D:1      | Reached XP level 2. HP: 24/24 MP: 3/3
   581 | D:1      | Found Bicvoh's Antique Armour Emporium.
   592 | D:1      | HP: 1/24 [kobold/+0 whip (4)]
   594 | D:1      | Slain by a kobold

Illustrated notes

Levels and vault maps discovered:
D:1:      dpeg_arrival_brainrot, layout_rooms, serial_shops,
          nicolae_shop_waterfront

Skill      XL: |  1 |
---------------+----+-----
Short Blades   | 2 |  2.6
Fighting       | |  3.0
Armour         | |  1.7
Dodging        | |  0.8
Invocations    | |  2.4

Action                   || total
-------------------------++-------
Melee: Short sword       ||    20
Invok: Depart the Abyss  ||     1
Armor: Leather armour    ||    11
Dodge: Dodged            ||    16

Table legend: (Time is in decaauts)
 A = Elapsed time spent in this place.
 B = Non-inter-level travel time spent in this place.
 C = Inter-level travel time spent in this place.
 D = Time resting spent in this place.
 E = Time spent auto-exploring this place.
 F = Levels seen in this place.
 G = Mean time per level.
                   A        B        C        D        E       F      G
               +--------+--------+--------+--------+--------+-----+--------+
         Total |    593 |    593 |      0 |      0 |    503 |   2 |  296.5 |
       Dungeon |    542 |    542 |      0 |      0 |    455 |   1 |  542.0 |
         Abyss |     51 |     51 |      0 |      0 |     48 |   1 |   51.0 |
               +--------+--------+--------+--------+--------+-----+--------+

Top non-repeatable levels by time:
     D:1: 542 daAuts
 Abyss:1: 51 daAuts
